 Dungeon Crawl Stone Soup version 0.18-a0-1628-g61c6396 (webtiles) character file.

33 Chiseanne the Magician (level 3, -1/24 HPs)
             Began as a Demonspawn Wizard on Mar 25, 2016.
             Slain by a water moccasin skeleton (2 damage)
             ... on level 2 of the Dungeon.
             The game lasted 00:03:46 (2135 turns).

Chiseanne the Magician (Demonspawn Wizard)          Turns: 2135, Time: 00:03:47

Health: -1/24      AC:  3    Str:  7    XL:     3   Next: 12%
Magic:  2/8        EV: 12    Int: 20    God:
Gold:   95         SH:  0    Dex: 11    Spells: 1 memorised, 8 levels left

rFire  . . .     SeeInvis .     a - +3 mace (venom)
rCold  . . .     Gourm    .     k - +0 robe
rNeg   . . .     Faith    .     (no shield)
rPois  .         Spirit   .     b - +0 hat
rElec  .         Dismiss  .     (no cloak)
rCorr  .         Reflect  .     p - +0 pair of gloves
SustAt .         Harm     .     (no boots)
MR     .....                    (no amulet)
Stlth  ++........               (no ring)
                                (no ring)

@: not resistant to hostile enchantments, unstealthy
A: claws 1
a: no special abilities


You were on level 2 of the Dungeon.
You were not hungry.

You visited 1 branch of the dungeon, and saw 2 of its levels.

You collected 95 gold pieces.

Inventory:

Hand Weapons
 a - a +3 mace of venom (weapon)
 m - a +2 vampiric spear
Missiles
 i - 72 bolts
 l - 16 sling bullets
Armour
 b - a +0 hat (worn)
 j - a +0 shield
 k - a +0 robe (worn)
 p - a +0 pair of gloves (worn)
Potions
 e - a potion of curing
 q - a potion of flight {unknown}
Books
 c - a book of Minor Magic

   Spells                             Type                      Level
   a - Magic Dart                     Conjuration                  1
   b - Blink                          Translocation                2
   c - Call Imp                       Summoning                    2
   d - Repel Missiles                 Charms/Air                   2
   e - Slow                           Hexes                        2
   f - Conjure Flame                  Conjuration/Fire             3
   g - Mephitic Cloud                 Conjuration/Poison/Air       3
Comestibles
 d - a bread ration
 f - 2 chunks of flesh
 n - a slice of pizza


   Skills:
 + Level 2.0 Dodging
 - Level 1.7 Stealth
 * Level 3.5 Spellcasting
 * Level 2.0 Conjurations
   Level 1.0 Summonings
   Level 0.8 Translocations


You had 8 spell levels left.
You knew the following spells:

 Your Spells              Type           Power        Failure   Level  Hunger
a - Magic Dart            Conj           ##..         10%         1    None


Dungeon Overview and Level Annotations

Branches:
Dungeon (2/15)

Altars:
Sif Muna


Innate Abilities, Weirdness & Mutations

You have sharp fingernails.


Message History

Aim: a water moccasin skeleton The magic dart hits the water moccasin skeleton.
The water moccasin skeleton misses you.
Casting: Magic Dart
Confirm with . or Enter, or press ? or * to list all spells.
Aiming: Magic Dart
Press: ? - help, Shift-Dir - straight line, f/p - water moccasin skeleton
Aim: a water moccasin skeleton The magic dart hits the water moccasin skeleton.
The water moccasin skeleton bites you.
* * * LOW HITPOINT WARNING * * *
The water moccasin skeleton completely misses you.
Casting: Magic Dart
Confirm with . or Enter, or press ? or * to list all spells.
Aiming: Magic Dart
Press: ? - help, Shift-Dir - straight line, f/p - water moccasin skeleton
Aim: a water moccasin skeleton The magic dart hits the water moccasin skeleton.
The water moccasin skeleton bites you.
You die...

#.# ########..).....##.# #.#
#...............##.# #.#
#.######........##.## #.# #.#
##...###.....# #.# ###.#
##.#######..#
#.########...########.<........#
#.##.............#.........###.#
#.##.####..#####....######.# #.#
#.##.# #....# #@#..# #.# #.#
#.##)# ♣P.PP♣ #Z#..# #.# #.#
#.##.# ♣..P♣♣ #....# #.# #.#
..##.# ♣♣.♣♣ #..#.## ###.# #.#
.....# ♣.♣♣ #.....# #...# #.#
..##.# ♣♣.♣ #.....# #...# #.#
.###.# *.♣* #.##..###...###.# .#
#.# *♣.* #.##........>...# ##
### **.#* #....#####.######


You could see a water moccasin skeleton.

Vanquished Creatures
  2 dart slugs (D:2)
  A giant gecko (D:2)
  A ball python (D:1)
  4 giant cockroaches
  A goblin (D:2)
  3 hobgoblins (D:2)
  4 kobolds
  6 bats
  3 giant newts
  2 rats
27 creatures vanquished.

Notes
Turn   | Place    | Note
--------------------------------------------------------------
     0 | D:1      | Chiseanne the Demonspawn Wizard began the quest for the Orb.
     0 | D:1      | Reached XP level 1. HP: 13/13 MP: 4/4
   689 | D:1      | Gained mutation: You have sharp fingernails. [demonic ancestry]
   689 | D:1      | Reached XP level 2. HP: 16/19 MP: 0/6
   981 | D:2      | Found a deep blue altar of Sif Muna.
  1901 | D:2      | Reached XP level 3. HP: 17/24 MP: 7/7
  2134 | D:2      | HP: 1/24 [water moccasin skeleton (6)]
  2135 | D:2      | Slain by a water moccasin skeleton

Vault maps used:
D:1:      mushboom_english_gardens, minmay_liquid_box, kennysheep_doodads,
          minmay_misc_feat_iff
D:2:      led_sif_pool, roderic_roman_lattice, minmay_misc_feat_ornament,
          uniq_crazy_yiuf_cottage

Skill      XL: |  1  2 |
---------------+-------+-----
Dodging        | 2 |  2.0
Conjurations   | 2 |  2.0
Stealth        | |  1.7
Spellcasting   | |  3.5
Summonings     | |  1.0
Translocations | |  0.8

Action                   || total
-------------------------++-------
Melee: Dagger            ||    11
       Mace              ||    24
 Cast: Magic Dart        ||    68
  Use: Scroll            ||     4
  Eat: Chunk             ||     4
